 Dungeon Crawl Stone Soup version 0.31-a0-977-gc230f8ef24 (webtiles) character file.

Game seed: 861994167525259505

316 tsujin the Ruffian (level 6, -2/42 HPs)
             Began as a Gnoll Shapeshifter on Oct 30, 2023.
             Killed from afar by an orc wizard (6 damage)
             ... with a magic dart
             ... on level 4 of the Dungeon.
             The game lasted 00:05:19 (2185 turns).

tsujin the Ruffian (Gnoll Shapeshifter)             Turns: 2185, Time: 00:05:19

Health: -2/42      AC:  8    Str: 14    XL:     6   Next: 44%
Magic:  9/9        EV: 12    Int:  9    God:
Gold:   173        SH:  0    Dex: 11    Spells: 8/9 levels left

rFire   . .          .
                       - Unarmed
rCold   . . .        (no shield)
rNeg    . . .        e - +1 ring mail
rPois   .            (helmet currently unavailable)
rElec   .            (cloak currently unavailable)
rCorr   .            (gloves currently unavailable)
SInv    .            (boots currently unavailable)
Will    .....        (no amulet) Stlth
                     (no ring)
HPRegen 0.27/turn    (no ring)
MPRegen 0.11/turn

%: no passive effects
@: confused, beast-form, hasted, very quick
A: beast (slay +3), fangs 1, strong nose, distributed training, iridescent
scales 1, frail 1, weak 1
a: Begin Untransformation


You were on level 4 of the Dungeon.
You were a hulking beast.
You visited 1 branch of the dungeon, and saw 4 of its levels.

You collected 173 gold pieces.

Inventory:

Armour
 e - a +1 ring mail (worn)
Jewellery
 h - an amulet of faith
Talismans
 c - a beast talisman
 d - a flux talisman
Scrolls
 f - 3 scrolls of identify
 g - a scroll of teleportation
 k - a scroll of brand weapon {unknown}
 l - a scroll of enchant armour
 m - a scroll of revelation {unknown}
Potions
 a - 2 potions of brilliance
 b - a potion of lignification
 i - a potion of mutation
 n - a potion of enlightenment {unknown}


   Skills:
 + Level 3.3 Fighting
 + Level 2.0 Short Blades
 + Level 2.0 Long Blades
 + Level 2.0 Axes
 + Level 2.0 Maces & Flails
 + Level 2.0 Polearms
 + Level 2.0 Staves
 + Level 2.0 Ranged Weapons
 + Level 2.0 Throwing
 + Level 2.0 Armour
 + Level 5.0 Dodging
 + Level 2.0 Stealth
 + Level 2.0 Shields
 + Level 6.8 Unarmed Combat
 + Level 2.0 Spellcasting
 + Level 1.6 Conjurations
 + Level 1.6 Hexes
 + Level 1.6 Summonings
 + Level 1.6 Necromancy
 + Level 1.6 Translocations
 + Level 1.6 Transmutations
 + Level 1.6 Fire Magic
 + Level 1.6 Ice Magic
 + Level 1.6 Air Magic
 + Level 1.6 Earth Magic
 + Level 1.6 Poison Magic
 + Level 2.2 Invocations
 + Level 2.0 Evocations
 + Level 6.8 Shapeshifting


You had 8 spell levels left.
You knew the following spells:

 Your Spells              Type           Power      Damage    Failure   Level
a - Slow                  Hex            12%        N/A       34%         1

Your spell library contained the following spells:

 Spells                   Type           Power      Damage    Failure   Level
 Shock                    Conj/Air       12%        1d3       34%         1
 Confusing Touch          Hex            3%         N/A       71%         3
 Sigil of Binding         Hex            3%         N/A       71%         3
 Swiftness                Air            3%         N/A       71%         3
 Vampiric Draining        Necr           3%         2d6       71%         3
 Airstrike                Air            1%         2d(1-17)  98%         4


Dungeon Overview and Level Annotations

Branches:
Dungeon (4/15)
 Temple: D:4-7

Altars:

Annotations:
D:3 Sigmund


Innate Abilities, Weirdness & Mutations

You are a hulking beast.
Your limbs bulge with bestial killing power. (Slay +3)
You have very sharp teeth.
Your uncanny sense of smell can sniff out nearby items.
Your experience applies equally to all skills.
You are partially covered in iridescent scales. (AC +2)
You are frail. (-10% HP)
You are weak. (Str -2)


Message History

An orc wizard comes into view.
It is wielding a +0 dagger of protection.
The orc wizard moves out of view.
An ogre comes into view. It is wielding a +0 giant club.
You closely miss the kobold. Your bite misses the kobold.
The orc wizard casts a spell at you. The puff of flame hits you!
The kobold barely misses you.
You take 11 damage, and have 31/42 hp.
MASSIVE DAMAGE!!
You barely miss the kobold. The kobold barely misses you.
You punch the kobold!
You kill the kobold!
The orc wizard casts a spell at you. The magic dart hits you!
You take 7 damage, and have 25/42 hp.
An orc comes into view. It is wielding a +0 flail.
The orc wizard hits you with a +0 dagger of protection.
You take 1 damage, and have 24/42 hp.
You hit the orc wizard.
The orc wizard is moderately wounded.
The orc shouts!
You hear a shout!
You barely miss the orc wizard.
The orc wizard is moderately wounded.
The orc wizard gestures at you while chanting.
You are confused.
An orc comes into view. It is wielding a +0 whip.
It was a potion of haste.
You feel yourself speed up.
The orc wizard hits you but does no damage.
You closely miss the ogre. The orc wizard casts a spell at you.
You resist with some effort. The ogre hits you with a +0 giant club.
You take 6 damage, and have 19/42 hp.
You closely miss the orc wizard.
The orc wizard is moderately wounded.
The orc wizard hits you but does no damage.
The ogre attacks as it pursues you! The ogre hits you with a +0 giant club!
* * * LOW HITPOINT WARNING * * *
You take 15 damage, and have 4/42 hp.
MASSIVE DAMAGE!!
You bump into the rock wall.
The orc wizard casts a spell at you. The magic dart hits you.
You die...

#...........##
#............#
#............#
###............##
#...............##
#................#
##.................
#................. .
##h...............
#...##o...............
...o.o.O...[..........
..###.....)...........
#.................
#............
#.......^.....
#.............
#..............


You could see an ogre, an orc wizard and an orc.

Vanquished Creatures
  2 orc priests (D:3)
  Jessica (D:3)
  Terence (D:2)
  An orc wizard (D:3)
  6 gnolls
  4 adders
  5 orcs (D:3)
  5 endoplasms
  2 giant cockroaches
  8 goblins
  8 hobgoblins
  9 jackals
  6 quokkas
  6 ball pythons
  7 bats
  4 frilled lizards
  5 kobolds
  4 rats
84 creatures vanquished.

Notes
Turn   | Place    | Note
-------+----------+-------------------------------------------
     0 | D:1      | tsujin the Gnoll Shapeshifter began the quest for the Orb.
     0 | D:1      | Reached XP level 1. HP: 17/17 MP: 1/1
   124 | D:1      | Reached XP level 2. HP: 18/23 MP: 2/2
   335 | D:1      | Reached XP level 3. HP: 25/28 MP: 3/3
   687 | D:2      | Reached skill level 1 in Invocations
   746 | D:2      | Reached skill level 1 in Short Blades
   746 | D:2      | Reached skill level 1 in Long Blades
   746 | D:2      | Reached skill level 1 in Axes
   746 | D:2      | Reached skill level 1 in Maces & Flails
   746 | D:2      | Reached skill level 1 in Polearms
   746 | D:2      | Reached skill level 1 in Staves
   746 | D:2      | Reached skill level 1 in Ranged Weapons
   746 | D:2      | Reached skill level 1 in Throwing
   746 | D:2      | Reached skill level 1 in Armour
   746 | D:2      | Reached skill level 1 in Stealth
   746 | D:2      | Reached skill level 1 in Shields
   746 | D:2      | Reached skill level 1 in Spellcasting
   746 | D:2      | Reached skill level 1 in Evocations
   757 | D:2      | Noticed Terence
   761 | D:2      | Killed Terence
   762 | D:2      | Reached XP level 4. HP: 28/34 MP: 5/5
   867 | D:2      | Reached skill level 1 in Conjurations
   867 | D:2      | Reached skill level 1 in Hexes
   867 | D:2      | Reached skill level 1 in Summonings
   867 | D:2      | Reached skill level 1 in Necromancy
   867 | D:2      | Reached skill level 1 in Translocations
   867 | D:2      | Reached skill level 1 in Transmutations
   867 | D:2      | Reached skill level 1 in Fire Magic
   867 | D:2      | Reached skill level 1 in Ice Magic
   867 | D:2      | Reached skill level 1 in Air Magic
   867 | D:2      | Reached skill level 1 in Earth Magic
   867 | D:2      | Reached skill level 1 in Poison Magic
  1216 | D:2      | Learned a level 1 spell: Slow
  1390 | D:3      | Noticed Sigmund
  1417 | D:3      | Reached XP level 5. HP: 32/40 MP: 5/7
  1502 | D:3      | Gained mutation: You are weak. (Str -2) [potion of
                  | mutation]
  1502 | D:3      | Gained mutation: You are frail. (-10% HP) [potion of
                  | mutation]
  1502 | D:3      | Gained mutation: You are partially covered in iridescent
                  | scales. (AC +2) [potion of mutation]
  1866 | D:3      | Reached XP level 6. HP: 42/42 MP: 8/8
  1916 | D:3      | Noticed Jessica
  1924 | D:3      | Killed Jessica
  1925 | D:3      | Reached skill level 5 in Dodging
  2185 | D:4      | Killed from afar by an orc wizard

Illustrated notes

Levels and vault maps discovered:
D:1:      giann_forest_graveyard, layout_rooms
D:2:      layout_loops_ring, minmay_misc_feat_cross, kennysheep_crisscross,
          minmay_misc_feat_enclosed, minmay_pentomino_o4, uniq_terence
D:3:      layout_basic, kennysheep_jessica_study, uniq_sigmund
D:4:      layout_layer_cave, moated_statue, eino_tiny_chamber,
          minmay_fountain_box, uniq_ijyb

Skill      XL: |  1  2  3  4  5  6 |
---------------+-------------------+-----
Invocations    | 1 2 |  2.2
Short Blades   | 1 2 |  2.0
Long Blades    | 1 2 |  2.0
Axes           | 1 2 |  2.0
Maces & Flails | 1 2 |  2.0
Polearms       | 1 2 |  2.0
Staves         | 1 2 |  2.0
Ranged Weapons | 1 2 |  2.0
Throwing       | 1 2 |  2.0
Armour         | 1 2 |  2.0
Stealth        | 1 2 |  2.0
Shields        | 1 2 |  2.0
Spellcasting   | 1 2 |  2.0
Evocations     | 1 2 |  2.0
Conjurations   | 1 |  1.6
Hexes          | 1 |  1.6
Summonings     | 1 |  1.6
Necromancy     | 1 |  1.6
Translocations | 1 |  1.6
Transmutations | 1 |  1.6
Fire Magic     | 1 |  1.6
Ice Magic      | 1 |  1.6
Air Magic      | 1 |  1.6
Earth Magic    | 1 |  1.6
Poison Magic   | 1 |  1.6
Fighting       | 3 |  3.3
Dodging        | 5 |  5.0
Unarmed Combat | |  6.8
Shapeshifting  | |  6.8

Action                     |  1- 3 |  4- 6 || total
---------------------------+-------+-------++-------
  Melee: Unarmed           |    57 |   137 ||   194
         Bite              |     2 |     8 ||    10
         Punch             |     2 |     5 ||     7
    Use: Scroll            |     5 |     2 ||     7
         Potion            |       |     3 ||     3
 Armour: Animal skin       |    10 |       ||    10
         Ring mail         |    15 |    99 ||   114
  Dodge: Dodged            |    29 |    66 ||    95

Table legend: (Time is in decaauts)
 A = Elapsed time spent in this place.
 B = Non-inter-level travel time spent in this place.
 C = Inter-level travel time spent in this place.
 D = Time resting spent in this place.
 E = Time spent auto-exploring this place.
 F = Levels seen in this place.
 G = Mean time per level.
                   A        B        C        D        E       F      G
               +--------+--------+--------+--------+--------+-----+--------+
         Total |   2159 |   2100 |     59 |    190 |   1301 |   4 |  539.8 |
       Dungeon |   2159 |   2100 |     59 |    190 |   1301 |   4 |  539.8 |
               +--------+--------+--------+--------+--------+-----+--------+

Top non-repeatable levels by time:
     D:3: 751 daAuts
     D:2: 738 daAuts
     D:1: 497 daAuts
     D:4: 173 daAuts
